 Dungeon Crawl Stone Soup version 0.21-a0-142-gdd972a7 (webtiles) character file.

385302 drasked the Slayer (level 22, -8/213 (214) HPs)
             Began as a Hill Orc Fighter on July 22, 2017.
             Was the Champion of Beogh.
             Killed from afar by a starcursed mass (17 damage)
             ... with an accursed screaming
             ... while paralysed by accursed screaming
             ... on level 3 of the Abyss on July 24, 2017.
             The game lasted 07:15:55 (64450 turns).

drasked the Slayer (Hill Orc Fighter)              Turns: 64450, Time: 07:15:56

HP:   -8/213 (214)  AC: 37    Str: 23    XL:     22   Next: 60%
MP:   29/29         EV:  2    Int: 12    God:    Beogh [******]
Gold: 2510          SH:  0    Dex:  3    Spells: 18/21 levels left

rFire    + + .     SeeInvis +   I - +7 demon whip
rCold    + + .     Gourm    .   B - +2 large shield {AC+3}
rNeg     + . .     Faith    +   G - +6 gold dragon scales
rPois    +         Spirit   .   C - +2 helmet
rElec    +         Reflect  .   c - +0 cloak {MR+}
rCorr    .         Harm     .   q - +0 pair of gloves
MR       ++...                  n - +2 pair of boots
Stlth    ..........             d - amulet "Giadwir" {Faith Fragile rF+ Dex+2 SInv}
HPRegen  0.45/turn              i - ring "Icha" {rN+ Int+4 Slay+3 Stlth-}
MPRegen  0.21/turn              M - ring "Quops" {rElec rPois rC+ Str-2 Dex-5}

@: paralysed
A: walk on water, blurry vision 1, [clumsy 2], deformed body, [weak 2]
}: 3/15 runes: decaying, serpentine, silver
a: Smiting, Recall Orcish Followers, Give Item to Named Follower, Resurrection,
Renounce Religion


You were on level 3 of the Abyss.
You worshipped Beogh.
Beogh was exalted by your worship.
You were not hungry.

You visited 7 branches of the dungeon, and saw 39 of its levels.
You visited the Abyss 1 time.
You also visited: Labyrinth, Sewer and Volcano.

You collected 5062 gold pieces.
You spent 2552 gold pieces at shops.

Inventory:

Hand Weapons
 o - a +1 halberd of holy wrath
   (You subdued it on level 3 of the Depths)
 y - a +2 bardiche of flaming
   (You found it on level 3 of the Depths)
 I - a +7 demon whip (weapon)
   (You took it off a balrug on level 4 of the Depths)
Armour
 c - a +0 cloak of magic resistance (worn)
   (You acquired it on level 5 of the Vaults)
 n - a +2 pair of boots (worn)
   (You found it on level 12 of the Dungeon)
 q - a +0 pair of gloves (worn)
   (You found it on level 15 of the Dungeon)
 B - a +2 large shield of protection (worn)
   (You took it off a naga warrior on level 4 of the Snake Pit)
 C - a +2 helmet (worn)
   (You found it on level 1 of the Vaults)
 G - +6 gold dragon scales (worn)
   (You found it on level 2 of the Depths)
Jewellery
 d - the amulet "Giadwir" (around neck) {Faith Fragile rF+ Dex+2 SInv}
   (You acquired it on level 4 of the Lair of Beasts)

   [amulet of faith]

   It allows you to gain divine favour quickly.
   It affects your dexterity (+2).
   It protects you from fire.
   It lets you see invisible.
   It will be destroyed if unequipped.
 i - the ring "Icha" (left hand) {rN+ Int+4 Slay+3 Stlth-}
   (You took it off a yaktaur captain on level 5 of the Vaults)

   [ring of slaying]

   It affects your intelligence (+4).
   It affects your accuracy and damage with ranged weapons and melee attacks
   (+3).
   It protects you from negative energy.
   It makes you less stealthy.
 p - an uncursed ring of positive energy {rN+}
   (You took it off a frost giant on level 5 of the Vaults)
 M - the ring "Quops" (right hand) {rElec rPois rC+ Str-2 Dex-5}
   (You bought it in a shop on level 1 of the Depths)

   [ring of strength]

   It affects your strength (-2).
   It affects your dexterity (-5).
   It protects you from cold.
   It insulates you from electricity.
   It protects you from poison.
Wands
 H - a wand of digging (11/24)
   (You found it on level 2 of the Vaults)
 R - a wand of digging (7/24)
   (You found it on level 2 of the Depths)
Scrolls
 a - a scroll of holy word {!r}
 e - 13 scrolls of remove curse
 j - 5 scrolls of recharging
 r - 5 scrolls of identify
 v - 14 scrolls of amnesia
 A - 6 scrolls of fog
 L - 7 scrolls of magic mapping {!r}
 N - 20 scrolls of teleportation
Potions
 b - 2 potions of resistance
 g - 11 potions of brilliance
 h - 11 potions of curing
 k - a potion of cancellation
 m - 2 potions of invisibility
 u - 7 potions of heal wounds
 w - 6 potions of ambrosia
 x - 7 potions of flight
 z - 10 potions of agility
 D - 3 potions of lignification {!q}
 F - 2 potions of magic
 K - 2 potions of berserk rage {!q}
 O - a potion of haste
Comestibles
 f - 22 bread rations {@e1}
 l - 10 meat rations {@e2}
 s - 2 chunks of flesh {@w0}
 t - 17 fruits


   Skills:
 + Level 21.7 Fighting
 - Level 16.0 Maces & Flails
 + Level 19.5 Armour
 - Level 13.0 Dodging
 + Level 19.2 Shields
 - Level 6.7 Charms
 - Level 7.5 Necromancy
 - Level 9.5 Invocations
 - Level 3.3 Evocations


You had 18 spell levels left.
You knew the following spells:

 Your Spells              Type           Power        Failure   Level  Hunger
r - Regeneration          Chrm/Necr      ###.......   92%         3    ####...


Dungeon Overview and Level Annotations

Branches:
Dungeon (15/15)            Temple (0/1) D:4            Lair (6/6) D:11
  Swamp (4/4) Lair:3        Snake (4/4) Lair:3        Slime (0/5) Lair:5
    Orc (1/2) D:12         Vaults (5/5) D:13          Crypt (0/3) Vaults:2
 Depths (4/5) D:15

Altars:
Cheibriados
Elyvilon
Fedhas
Kikubaaqudgha
Nemelex Xobeh
Okawaru
Qazlal
Ru
Trog
Vehumet
Wu Jian
Xom
Yredelemnul
Zin
The Shining One
Beogh

Shops:
D:6 :   D:8 }   D:11 [   Snake:1 *   Vaults:2 }*   Vaults:4 (%[
Vaults:5 !%%???!!   Depths:1 :==}   Depths:4 %(%

Portals:
Hell: Depths:1 Depths:2 Depths:3 Depths:4
Abyss: Depths:3
Pandemonium: Depths:3
Trove: Depths:2 (give 6 scrolls of blinking)

Annotations:
D:7 exclusion: statue
Swamp:2 exclusion: Roxanne, Roxanne


Innate Abilities, Weirdness & Mutations

You can walk on water.
Scrolls take you a little longer to read.
Armour fits poorly on your strangely shaped body.
[You are very clumsy. (Dex -4)]
[You are very weak. (Str -4)]


Message History

e - 13 scrolls of remove curse (gained 1)
You start resting.
A large abomination comes into view.
Okay, then.
Wear which item? (? for menu, Esc to quit)
Okay, then.
You start resting.
You regained 2 hp, and now have 35/213 hp.
You swap places.
You block the large abomination's attack.
Your orc hits the large abomination from afar with a trident!
You hit the large abomination.
A starcursed mass comes into view.
You whack the large abomination!
Your orc hits the large abomination but does no damage.
You block the large abomination's attack.
You whack the large abomination! You thrash the large abomination!!
You block the quasit's attack.
The quasit claws you but does no damage.
You block the quasit's attack.
Your orc hits the large abomination but does no damage.
You block the large abomination's attack.
A starcursed mass splits.
You completely miss the large abomination.
You block the quasit's attack. The quasit completely misses you.
You block the quasit's attack.
You hit the large abomination.
You destroy the large abomination!
Beogh accepts your kill.
Your orc looks more experienced.
Your orc warrior completely misses the quasit.
A chorus of shrieks assaults your mind.
* * * LOW HITPOINT WARNING * * *
A wretched star comes into view.
You take 8 damage, and have 30/213 hp.
You hit the starcursed mass but do no damage.
You block the quasit's attack.
The quasit claws you but does no damage. x2
You thrash the starcursed mass!!
The starcursed mass shudders and is absorbed by its neighbour.
You block the quasit's attack. x2
The quasit claws you but does no damage.
A starcursed mass splits.
Your orc warrior misses the quasit.
You whack the quasit! You barely miss the quasit.
You block the quasit's attack. x3
A starcursed mass splits.
A chorus of shrieks assaults your mind.
* * * LOW HITPOINT WARNING * * *
Your orc warrior hits the quasit with a trident!
The quasit dies!
Beogh accepts your kill.
Your orc warrior looks more experienced.
A starcursed mass splits.
You take 7 damage, and have 24/213 hp.
You thrash the wretched star!!
Something shouts, "Crawl home, thou erky wibble-sucking malt-worm!"
The wretched star pulses with an eldritch light!
You feel clumsy.
You feel clumsy.
Your orc warrior twists and deforms.
You thrash the wretched star!! You block the starcursed mass's attack.
Your orc warrior barely misses the wretched star.
You thrash the wretched star!!
You hit the wretched star but do no damage.
A starcursed mass splits. x3
Your orc warrior hits the wretched star but does no damage.
Your gold dragon scales prevents you from hitting the wretched star.
The wretched star pulses with an eldritch light!
You feel weaker.
You feel weaker.
Your orc warrior twists and deforms.
You whack the wretched star!
A starcursed mass splits. x2
The starcursed mass closely misses your orc warrior.
Your orc warrior closely misses the wretched star.
An iron imp comes into view.
Your shield and gold dragon scales prevent you from hitting the wretched star.
You whack the wretched star!
You destroy the wretched star!
Beogh accepts your kill.
Your orc warrior looks more experienced.
You block the starcursed mass's attack.
The starcursed mass engulfs your orc warrior.
The starcursed mass engulfs you but does no damage.
Your orc warrior hits the starcursed mass with a trident.
The starcursed mass shudders and is absorbed by its neighbour.
The iron imp moves out of view.
You hit the starcursed mass.
The starcursed mass shudders and is absorbed by its neighbour.
A deafening chorus of shrieks assaults your mind!
* * * LOW HITPOINT WARNING * * *
You take 6 damage, and have 20/213 hp.
You whack the starcursed mass!
The starcursed mass shudders and is absorbed by its neighbour.
A deafening chorus of shrieks assaults your mind!
* * * LOW HITPOINT WARNING * * *
You suddenly lose the ability to move!
A starcursed mass splits. x2
The starcursed mass engulfs you but does no damage.
A cacophony of accursed wailing tears at your sanity!
You die...

. # #. #. .
### # ##. .#
#. .. ###.. .
.. . #. .# ..#
..†#. ... .#.
#.#.#.# ####.
##..5##.#...
.. #.X.#.## .
#.##.#XX#X.##
# .
#....XX@XX..#
#..#.##o#....#
# # §5.
#######.. ##.
# . # # . .


You could see 8 starcursed masses, an iron imp and a friendly orc warrior.

Vanquished Creatures
  Boris (Vaults:3)
  A Hell Sentinel (Abyss:3)
  2 tentacled starspawn (Abyss:3)
  A sphinx (Depths:2)
  5 thorn hunters
  A shadow dragon (Vaults:5)
  2 fire giants (Vaults:3)
  A vault warden (Vaults:4)
  A stone giant (Depths:1)
  3 very ugly things
  A deep elf annihilator (Vaults:5)
  2 deep elf demonologists
  An eidolon (Depths:3)
  A minotaur (Lab)
  4 ettins
  Josephine (D:15)
  3 yaktaur captains
  2 ogre magi (Depths:2)
  2 rakshasas
  2 great orbs of eyes
  A hydra (shapeshifter) (Vaults:5)
  Harold (Lair:3)
  3 vault guards (Vaults:4)
  An ice dragon (Vaults:3)
  A spriggan air mage (Depths:1)
  15 hydras
  A ghost crab (Swamp:3)
  2 centaur warriors
  An anaconda (Snake:1)
  Erica (D:10)
  7 two-headed ogres
  7 alligators
  2 dancing weapons (Depths:3)
  4 death yaks
  A hell hog (Volcano)
  3 thrashing horrors (Abyss:3)
  2 spriggan berserkers
  A naga sharpshooter (Snake:4)
  3 large abominations (Abyss:3)
  A deep elf knight (Vaults:4)
  8 spriggans
  3 hell knights (Depths:3)
  A titan skeleton (Abyss:3)
  A salamander mystic (Snake:2)
  3 shadow wraiths
  3 wretched stars (Abyss:3)
  2 sixfirhies (Abyss:3)
  A spriggan druid (Swamp:3)
  3 unseen horrors
  A deep troll (Depths:1)
  12 swamp dragons
  2 shambling mangroves
  An orange crystal statue (Depths:3)
  An orc knight (Vaults:2)
  2 deep elf archers (Vaults:4)
  2 wizards (Depths:4)
  Pikel (D:5)
  A harpy (Vaults:4)
  2 necromancers
  2 deep elf magi
  5 mana vipers
  A cyclops (shapeshifter) (D:15)
  A cyclops (D:11)
  12 slime creatures
  2 salamanders
  3 ugly things
  The ghost of MackTheKnife the Skirmisher, a novice VSAr (D:7)
  2 black mambas
  7 elephants
  A torpor snail (Lair:3)
  8 yaktaurs
  15 spiny frogs
  2 rime drakes
  An anaconda simulacrum (Depths:3)
  4 komodo dragons
  An ice devil (Abyss:3)
  A troll (D:10)
  11 hornets
  3 tyrant leeches
  A polar bear (Lair:4)
  Grinder (D:5)
  10 raiju (Abyss:3)
  15 blink frogs
  13 bog bodies
  5 hippogriffs
  6 shadows
  4 water elementals
  A redback (Lair:6)
  A vampire (Depths:3)
  3 wraiths (Depths:3)
  2 wyverns
  A ynoxinul (Abyss:3)
  2 basilisks (Lab)
  Grum (D:8)
  32 yaks
  5 fire bats
  A steam dragon (Lair:2)
  23 vampire mosquitoes
  2 hungry ghosts
  2 neqoxecs (Abyss:3)
  3 chaos spawn (Abyss:3)
  16 swamp worms
  2 wargs
  A naga (Snake:1)
  A small abomination (Abyss:3)
  A hydra simulacrum (Depths:3)
  14 water moccasins
  2 hell hounds (Volcano)
  8 porcupines
  3 orc warriors
  2 spectral spriggans (Depths:3)
  19 swamp drakes
  2 phantoms
  4 black bears
  14 ogres
  The ghost of tilp the Firebug, an amateur HOFE (D:3)
  7 centaurs
  12 wolves
  2 boggarts
  14 crocodiles
  15 bullfrogs
  A gnoll sergeant (D:7)
  Blork the orc (D:6)
  2 wyvern zombies
  A wyvern skeleton (D:8)
  6 wights
  4 killer bees (D:8)
  A spectral naga (Depths:3)
  2 spectral centaurs (Depths:3)
  An electric eel (Lair:3)
  3 howler monkeys (D:11)
  7 crimson imps
  2 centaur zombies
  A bullfrog zombie (D:13)
  2 jellies
  A quasit (Abyss:3)
  4 hounds
  2 orc priests
  Crazy Yiuf (D:4)
  4 centaur skeletons
  5 orc wizards
  3 iron imps (Abyss:3)
  2 bullfrog skeletons
  3 iguanas
  9 worker ants
  2 killer bee zombies
  11 gnolls
  A howler monkey skeleton (D:11)
  7 river rats (Sewer)
  13 adders
  3 shadow imps
  An ufetubus (Abyss:3)
  An adder zombie (D:9)
  2 adder skeletons
  3 worms
  4 leopard geckos
  31 orcs
  9 giant cockroaches
  8 hobgoblins
  15 jackals
  5 quokkas
  5 ball pythons
  3 bats
  5 frilled lizards
  13 goblins
  22 kobolds
  A leopard gecko skeleton (D:7)
  24 rats
  A briar patch (Swamp:4)
760 creatures vanquished.

Vanquished Creatures (collateral kills)
  2 ancient liches
  Bai Suzhen (Depths:1)
  An orc warlord (Depths:2)
  Frederick (Vaults:4)
  A caustic shrike (Depths:2)
  4 golden dragons
  the Enchantress (Depths:1)
  Jory (Vaults:3)
  4 tentacled monstrosities
  2 quicksilver dragons
  7 titans (Vaults:5)
  2 sphinxes
  6 shadow dragons
  Frances (Swamp:1)
  A thorn hunter (Swamp:4)
  3 storm dragons
  A revenant (Vaults:2)
  6 tengu reavers
  8 nagarajas
  2 frost giants
  15 vault wardens
  3 deep elf sorcerers
  Aizul (Snake:4)
  9 fire giants
  3 spriggan defenders (Depths:1)
  A balrug (Depths:4)
  2 deep elf elementalists
  27 ironheart preservers
  Louise (D:15)
  A war gargoyle (Vaults:4)
  20 very ugly things
  22 stone giants
  An entropy weaver (Vaults:3)
  A deep elf demonologist (Vaults:1)
  6 deep elf annihilators
  A spark wasp (Depths:2)
  6 deep elf death magi
  4 eidola
  10 ettins
  4 fire dragons
  17 yaktaur captains
  4 deep elf high priests (Vaults:5)
  6 great orbs of eyes
  A merfolk impaler (Depths:2)
  15 hydras
  14 naga warriors
  A rakshasa (Vaults:2)
  7 ice dragons
  31 vault guards
  A catoblepas (Lair:5)
  4 centaur warriors
  A spriggan air mage (Depths:4)
  2 alligators (Swamp:1)
  A two-headed ogre (shapeshifter) (Vaults:4)
  47 two-headed ogres
  A death knight (Vaults:2)
  A dancing weapon (Depths:3)
  10 anacondas
  3 deep troll shamans
  A death yak (Lair:2)
  13 ogre magi
  2 tengu warriors
  6 deep troll earth magi
  7 shock serpents
  15 naga sharpshooters
  7 spriggan berserkers
  6 deep elf knights
  4 spriggans
  2 sun demons (Depths:4)
  3 salamander mystics (Snake:4)
  A death drake (Depths:3)
  7 hell knights
  An unseen horror (D:13)
  3 shadow wraiths (Depths:3)
  22 deep trolls
  7 glowing orange brains
  A spectral hydra (Depths:3)
  6 flayed ghosts
  3 swamp dragons
  An orange crystal statue (Depths:3)
  15 ironbrand convokers
  10 deep elf archers
  10 naga ritualists
  7 harpies
  A stone giant zombie (Depths:1)
  6 wizards
  8 orc knights
  2 necromancers
  5 phantasmal warriors
  5 wolf spiders
  A frost giant zombie (Vaults:2)
  43 ugly things
  2 orc sorcerers
  6 mana vipers
  31 deep elf magi
  A human zombie (Vaults:2)
  A moth of wrath (shapeshifter) (Depths:2)
  A manticore (D:14)
  7 salamanders
  2 centaur zombies (D:14)
  A black mamba (shapeshifter) (Depths:3)
  5 cyclopes
  8 guardian serpents
  26 black mambas
  14 naga magi
  8 elephants (Lair:6)
  A torpor snail (Lair:5)
  A spiny frog (shapeshifter) (Vaults:4)
  15 spiny frogs
  13 vault sentinels
  A water nymph (shapeshifter) (Vaults:4)
  A gargoyle (D:13)
  4 centaur skeletons
  A yaktaur (shapeshifter) (Vaults:4)
  A rime drake (Lair:5)
  A komodo dragon (shapeshifter) (Vaults:4)
  2 spriggan skeletons (Depths:1)
  9 freezing wraiths
  A rime drake (shapeshifter) (Vaults:4)
  2 tengu conjurers
  An anaconda simulacrum (Depths:3)
  3 komodo dragons
  An efreet (D:15)
  50 yaktaurs
  4 tyrant leeches
  2 guardian mummies (Depths:2)
  A queen bee (shapeshifter) (Vaults:5)
  A wind drake (shapeshifter) (Vaults:4)
  7 trolls
  A jumping spider (Vaults:3)
  A meliai (shapeshifter) (Vaults:3)
  3 trolls (shapeshifter)
  4 raiju
  14 hornets
  2 bog bodies (Swamp:1)
  28 slime creatures
  A blink frog (Lair:6)
  2 human simulacra
  A stone giant simulacrum (Vaults:2)
  2 hippogriffs
  3 redbacks (Lair:6)
  A spriggan (shapeshifter) (Vaults:2)
  14 wraiths
  A tarantella (shapeshifter) (Vaults:3)
  2 shadows
  22 yaks
  7 wyverns
  5 water elementals
  6 vampires
  2 hungry ghosts
  A yak (shapeshifter) (Depths:2)
  A human (shapeshifter) (Vaults:4)
  18 vampire mosquitoes
  A basilisk (Lair:5)
  66 nagas
  12 wargs
  7 swamp worms
  2 swamp worms (shapeshifter)
  An acid dragon (D:14)
  2 spectral spriggans (Depths:3)
  4 hell hounds (Depths:3)
  14 water moccasins
  A floating eye (Depths:3)
  6 orc warriors
  A snapping turtle zombie (Depths:3)
  A small abomination (Abyss:3)
  2 swamp drakes (Lair:4)
  A hornet zombie (D:15)
  24 ogres
  A phantom (D:13)
  9 boggarts
  7 wolves
  A crocodile (shapeshifter) (Vaults:5)
  10 centaurs
  9 crocodiles
  10 bullfrogs
  A merfolk simulacrum (Depths:3)
  2 human skeletons (Vaults:2)
  A scorpion (D:11)
  2 wyvern skeletons
  A spectral naga (Depths:3)
  3 spectral ogres (Depths:3)
  6 wights
  A howler monkey (D:14)
  A crimson imp (D:15)
  2 jellies (Lair:5)
  A quasit (Abyss:3)
  2 hounds
  3 orc priests
  An iguana (D:13)
  An iron imp (Depths:2)
  2 orc wizards
  A worker ant (D:14)
  An adder (D:14)
  A shadow imp (D:14)
  A ball lightning (Depths:3)
  10 orcs
  A frilled lizard (shapeshifter) (Vaults:4)
  4 briar patches
  A bush (Lair:5)
  12 fungi
  19 plants
1242 creatures vanquished.

Vanquished Creatures (others)
  2 orc warlords (Depths:1)
  9 orc knights
  A vampire mage (Depths:2)
  A spriggan (Swamp:4)
  9 orc warriors
  A slave (D:5)
  A centaur (Volcano)
  5 orc wizards
  A quasit (Abyss:3)
  A hound (D:5)
  5 orc priests
  A worker ant (D:5)
  27 orcs
  9 briar patches
  14 fungi
  15 plants
  4 starspawn tentacles (Abyss:3)
106 creatures vanquished.

Grand Total: 2108 creatures vanquished

Notes
Turn   | Place    | Note
-------+----------+-------------------------------------------
     0 | D:1      | drasked the Hill Orc Fighter began the quest for the Orb.
     0 | D:1      | Reached XP level 1. HP: 19/19 MP: 1/1
    96 | D:1      | Reached XP level 2. HP: 11/26 MP: 2/2
   327 | D:1      | Reached skill level 3 in Maces & Flails
  1196 | D:2      | Reached XP level 3. HP: 29/31 MP: 3/3
  1253 | D:2      | Reached skill level 4 in Maces & Flails
  1337 | D:2      | Reached XP level 4. HP: 32/39 MP: 4/4
  1470 | D:2      | You fall through a shaft!
  1607 | D:3      | Noticed tilp's ghost (amateur HOFE)
  1643 | D:3      | Killed tilp's ghost
  1643 | D:3      | Reached skill level 5 in Maces & Flails
  1643 | D:3      | Reached XP level 5. HP: 45/45 MP: 5/5
  1705 | D:3      | Reached skill level 6 in Maces & Flails
  2093 | D:3      | Reached XP level 6. HP: 45/51 MP: 6/6
  2212 | D:3      | Found a sparkling altar of Nemelex Xobeh.
  2221 | D:3      | Reached skill level 7 in Maces & Flails
  2626 | D:4      | Found a glowing drain.
  2656 | Sewer    | Entered a sewer
  3338 | Sewer    | Reached XP level 7. HP: 53/57 MP: 7/7
  3579 | D:4      | Reached skill level 8 in Maces & Flails
  3965 | D:4      | Found a sacrificial altar of Ru.
  4257 | D:4      | Found a staircase to the Ecumenical Temple.
  4479 | D:4      | Reached skill level 9 in Maces & Flails
  4525 | D:4      | Found a runed door.
  4649 | D:4      | Noticed Crazy Yiuf
  4653 | D:4      | Killed Crazy Yiuf
  4696 | D:5      | Entered Level 5 of the Dungeon
  4705 | D:5      | Reached skill level 4 in Fighting
  4717 | D:5      | Reached XP level 8. HP: 58/66 MP: 8/8
  4775 | D:5      | Reached skill level 10 in Maces & Flails
  4934 | D:5      | Reached skill level 5 in Fighting
  5061 | D:5      | Found an ornate altar of the Wu Jian Council.
  5239 | D:5      | Noticed Pikel
  5249 | D:5      | Killed Pikel
  5249 | D:5      | Reached skill level 6 in Fighting
  5249 | D:5      | Reached skill level 11 in Maces & Flails
  5266 | D:5      | Became a worshipper of Beogh the Brigand
  5445 | D:5      | Noticed Grinder
  5474 | D:5      | Killed Grinder
  5474 | D:5      | Reached XP level 9. HP: 56/78 MP: 9/9
  5591 | D:5      | Noticed an angel
  5592 | D:5      | Found a glowing silver altar of Zin.
  5836 | D:6      | Found Deustruma's Book Boutique.
  5882 | D:6      | Noticed Blork the orc
  5899 | D:6      | Killed Blork the orc
  6115 | D:6      | Reached skill level 7 in Fighting
  6689 | D:7      | Found a radiant altar of Vehumet.
  6763 | D:7      | Reached * piety under Beogh
  6774 | D:7      | Reached skill level 12 in Maces & Flails
  6992 | D:7      | Noticed MackTheKnife's ghost (novice VSAr)
  7010 | D:7      | Killed MackTheKnife's ghost
  7047 | D:7      | Reached skill level 8 in Fighting
  7430 | D:7      | Found a white marble altar of Elyvilon.
  7443 | D:7      | Reached skill level 4 in Shields
  7629 | D:7      | Reached skill level 4 in Armour
  7981 | D:8      | Reached XP level 10. HP: 88/90 MP: 10/10
  8026 | D:8      | Found an iron altar of Okawaru.
  8250 | D:8      | Reached ** piety under Beogh
  8259 | D:8      | Reached skill level 9 in Fighting
  8259 | D:8      | Reached skill level 5 in Shields
  8497 | D:8      | Reached skill level 5 in Armour
  8571 | D:8      | Found Wiryun's Quality Used Wands.
  8653 | D:8      | Found a basalt altar of Yredelemnul.
  8653 | D:8      | Found a shimmering altar of Xom.
  8658 | D:8      | Found a blossoming altar of Fedhas.
  8660 | D:8      | Found a stormy altar of Qazlal.
  8661 | D:8      | Found an ancient bone altar of Kikubaaqudgha.
  8930 | D:8      | Noticed Grum
  8972 | D:8      | Killed Grum
  9345 | D:9      | Got a crystal long sword
  9425 | D:9      | Found a bloodstained altar of Trog.
  9633 | D:9      | Reached skill level 6 in Shields
  9646 | D:9      | Reached skill level 6 in Armour
  9880 | D:9      | Found a white marble altar of Elyvilon.
 10139 | D:10     | Entered Level 10 of the Dungeon
 10407 | D:9      | Reached skill level 10 in Fighting
 10430 | D:9      | Noticed a fire dragon
 10430 | D:9      | Noticed a harpy
 10430 | D:9      | Noticed a cyclops
 10430 | D:9      | Noticed a two-headed ogre
 10692 | D:10     | Noticed Erica
 10759 | D:10     | Killed Erica
 10759 | D:10     | Reached skill level 7 in Armour
 10759 | D:10     | Reached skill level 7 in Shields
 10759 | D:10     | Reached XP level 11. HP: 49/101 MP: 11/11
 11112 | D:10     | Reached *** piety under Beogh
 11226 | D:10     | Got a steaming whip
 11227 | D:10     | Identified the cursed +2 whip of the Elven Halls {drain, +Blink rN+ Stlth-} (You found it on level 10 of the Dungeon)
 11335 | D:11     | Killed an unseen horror
 11477 | D:11     | Reached skill level 11 in Fighting
 11484 | D:11     | Found a staircase to the Lair.
 11615 | D:11     | Reached skill level 8 in Shields
 11910 | D:11     | Noticed a cyclops
 11923 | D:11     | Killed a cyclops
 11923 | D:11     | Reached skill level 8 in Armour
 11923 | D:11     | Reached skill level 1 in Evocations
 11936 | D:11     | Found Tamethoj's Armour Emporium.
 12229 | Lair:1   | Entered Level 1 of the Lair of Beasts
 12355 | Lair:1   | Reached skill level 2 in Evocations
 13036 | Lair:1   | Reached **** piety under Beogh
 13234 | Lair:1   | Reached skill level 3 in Evocations
 13591 | Lair:1   | Reached skill level 9 in Shields
 13894 | Lair:2   | Reached skill level 9 in Armour
 13894 | Lair:2   | Reached skill level 1 in Invocations
 13921 | Lair:2   | Reached skill level 12 in Fighting
 13921 | Lair:2   | Reached XP level 12. HP: 79/112 MP: 14/14
 13933 | Lair:2   | Reached skill level 2 in Invocations
 14017 | Lair:2   | Noticed an eight-headed hydra
 14275 | Lair:2   | Found a dark tunnel.
 14283 | Volcano  | Entered a volcano
 14303 | Volcano  | Noticed a two-headed ogre
 14320 | Volcano  | Killed a two-headed ogre
 14320 | Volcano  | Reached skill level 3 in Invocations
 14322 | Volcano  | Noticed a two-headed ogre
 14323 | Volcano  | Noticed a hell hog
 14340 | Volcano  | Killed a two-headed ogre
 14356 | Volcano  | HP: 25/112 [hell hog (12)]
 14361 | Volcano  | Killed a hell hog
 15171 | Lair:2   | Reached skill level 4 in Invocations
 15266 | Lair:2   | Killed an eight-headed hydra
 15829 | Lair:2   | Reached skill level 10 in Armour
 15956 | Lair:2   | Reached skill level 5 in Invocations
 16531 | Lair:3   | Reached skill level 10 in Shields
 16988 | Lair:3   | Reached skill level 13 in Fighting
 17311 | Lair:3   | Reached skill level 6 in Invocations
 17477 | Lair:3   | Noticed Harold
 17501 | Lair:3   | Killed Harold
 17501 | Lair:3   | Reached XP level 13. HP: 106/122 MP: 17/17
 17770 | Lair:3   | Reached skill level 7 in Invocations
 18041 | Lair:3   | Found a staircase to the Snake Pit.
 18103 | Lair:3   | Found a staircase to the Swamp.
 18279 | Lair:3   | Reached skill level 11 in Armour
 18559 | Lair:3   | Reached ***** piety under Beogh
 18592 | Lair:3   | Reached skill level 8 in Invocations
 18988 | Lair:4   | Found a labyrinth entrance.
 19033 | Lair:4   | Reached skill level 11 in Shields
 19039 | Lab      | Entered a labyrinth
 19329 | Lab      | Noticed a minotaur
 19344 | Lab      | Killed a minotaur
 19393 | Lair:4   | Identified a scroll of acquirement
 19394 | Lair:4   | Got a flickering platinum amulet
 19396 | Lair:4   | Identified the amulet "Giadwir" {Faith Fragile rF+ Dex+2 SInv} (You acquired it on level 4 of the Lair of Beasts)
 19412 | Lair:4   | Learned a level 3 spell: Regeneration
 20220 | D:12     | Reached skill level 14 in Fighting
 20525 | D:12     | Found a roughly hewn altar of Beogh.
 20525 | D:12     | Found a staircase to the Orcish Mines.
 20700 | Lair:1   | Reached skill level 9 in Invocations
 20714 | Lair:1   | Gained Gorbash as an ally
 20785 | Lair:2   | Your ally Gorbash died
 21364 | Lair:4   | Reached skill level 1 in Charms
 21424 | Lair:4   | Reached skill level 1 in Necromancy
 21486 | Lair:4   | Gained Okrist as an ally
 21760 | Lair:4   | Reached skill level 2 in Charms
 21760 | Lair:4   | Reached skill level 2 in Necromancy
 21760 | Lair:4   | Reached XP level 14. HP: 129/133 MP: 21/21
 22332 | Lair:5   | Found a staircase to the Slime Pits.
 22337 | Lair:5   | Reached skill level 3 in Necromancy
 22420 | Lair:5   | Reached ****** piety under Beogh
 22455 | Lair:5   | Reached skill level 3 in Charms
 22684 | Lair:5   | Reached skill level 4 in Necromancy
 23047 | Lair:6   | Entered Level 6 of the Lair of Beasts
 23063 | Lair:6   | Reached skill level 4 in Charms
 23247 | Lair:6   | Reached skill level 5 in Necromancy
 23621 | Lair:6   | Reached skill level 5 in Charms
 23743 | Lair:6   | Reached skill level 6 in Necromancy
 24489 | Lair:6   | Identified the +8 long sword of Zap Ukun {drain, rC++ Stlth+} (You found it on level 9 of the Dungeon)
 24652 | D:13     | Paralysed by an orc sorcerer for 3 turns
 24658 | D:13     | Reached skill level 6 in Charms
 25067 | D:13     | Gained Jorge as an ally
 25067 | D:13     | Reached skill level 7 in Necromancy
 25349 | D:13     | Found a gate to the Vaults.
 25706 | D:13     | Reached skill level 12 in Armour
 25984 | D:14     | Reached XP level 15. HP: 64/139 MP: 5/22
 25987 | D:14     | HP: 47/208 [spriggan berserker/war axe (17)]
 26585 | D:14     | Reached skill level 12 in Shields
 26965 | D:15     | Entered Level 15 of the Dungeon
 27431 | D:15     | Noticed Louise
 27440 | D:15     | Killed Louise
 27887 | D:15     | Found a staircase to the Depths.
 28154 | D:15     | Noticed Josephine
 28166 | D:15     | Killed Josephine
 28193 | D:15     | Reached skill level 15 in Fighting
 28955 | Snake:1  | Entered Level 1 of the Snake Pit
 28958 | Snake:1  | Found a snail-covered altar of Cheibriados.
 29169 | Snake:1  | Found Ithracab's General Store.
 29194 | Snake:1  | Reached skill level 13 in Armour
 29244 | Snake:1  | Bought a potion of heal wounds for 60 gold pieces
 29244 | Snake:1  | Bought a potion of cancellation for 96 gold pieces
 31074 | Orc:1    | Entered Level 1 of the Orcish Mines
 31074 | Orc:1    | Found a roughly hewn altar of Beogh.
 31471 | Snake:3  | Gained Geork as an ally
 31801 | Snake:3  | Noticed a nagaraja
 31805 | Snake:3  | Killed a nagaraja
 31805 | Snake:3  | Reached skill level 13 in Shields
 31818 | Snake:3  | Noticed a nagaraja
 31825 | Snake:3  | Killed a nagaraja
 32831 | Snake:3  | Reached skill level 16 in Fighting
 33613 | Snake:4  | Entered Level 4 of the Snake Pit
 33843 | Snake:4  | Reached XP level 16. HP: 151/151 MP: 23/23
 34046 | Snake:4  | Noticed a nagaraja
 34047 | Snake:4  | Noticed a nagaraja
 34062 | Snake:4  | Noticed a nagaraja
 34064 | Snake:4  | Killed a nagaraja
 34064 | Snake:4  | Killed a nagaraja
 34064 | Snake:4  | Reached skill level 14 in Armour
 34072 | Snake:4  | Killed a nagaraja
 34081 | Snake:4  | HP: 38/152 [poisoned by a naga (splash of poison)]
 34086 | Snake:4  | HP: 37/152 [poisoned by a naga (splash of poison)]
 34093 | Snake:4  | HP: 36/152 [poisoned by a naga (splash of poison)]
 34100 | Snake:4  | HP: 37/152 [poisoned by a naga (splash of poison)]
 34108 | Snake:4  | HP: 37/152 [poisoned by a naga (splash of poison)]
 34275 | Snake:4  | Noticed Aizul
 34281 | Snake:4  | Killed Aizul
 34367 | Snake:4  | Reached skill level 14 in Shields
 34507 | Snake:4  | Noticed a nagaraja
 34516 | Snake:4  | Killed a nagaraja
 35212 | Snake:4  | Noticed a nagaraja
 35214 | Snake:4  | Noticed a nagaraja
 35215 | Snake:4  | Killed a nagaraja
 35220 | Snake:4  | Killed a nagaraja
 35449 | Snake:4  | Got a serpentine rune of Zot
 35849 | Vaults:1 | Entered Level 1 of the Vaults
 35881 | Vaults:1 | Reached skill level 17 in Fighting
 35891 | Vaults:1 | HP: 37/155 [yaktaur captain (9)]
 36404 | Vaults:1 | Reached skill level 15 in Armour
 36752 | Vaults:1 | Reached XP level 17. HP: 140/162 MP: 24/24
 36816 | Vaults:1 | Reached skill level 15 in Shields
 38105 | Vaults:2 | Found Wycemyxuid's Gadget Emporium.
 38435 | Vaults:2 | Reached skill level 18 in Fighting
 38562 | Vaults:2 | Found Gackybb's Assorted Antiques.
 38569 | Vaults:2 | Bought a shiny large shield for 262 gold pieces
 38723 | Vaults:2 | Found a staircase to the Crypt.
 39335 | Vaults:2 | HP: 36/165 [death knight/enchanted great mace (17)]
 39985 | Vaults:3 | Gained Rocco as an ally
 40105 | Vaults:3 | Noticed Jory
 40121 | Vaults:3 | Killed Jory
 40121 | Vaults:3 | Reached skill level 16 in Armour
 40703 | Vaults:3 | Paralysed by a wizard for 5 turns
 40794 | Vaults:3 | Reached skill level 16 in Shields
 41404 | Vaults:3 | Paralysed by a wizard for 6 turns
 42135 | Vaults:3 | Noticed Boris
 42151 | Vaults:3 | Killed Boris
 42151 | Vaults:3 | Gained Brandogh as an ally
 42151 | Vaults:3 | Reached XP level 18. HP: 90/173 MP: 23/25
 42562 | Vaults:3 | drasked: @??sigmund
 42562 | Vaults:3 | beem: Sigmund (@)
                  | Spd:
    10 | HD: 3    | HP: 24-35
                  | AC/EV: 2/11
                  | Dam: 5
                  | weapons, items, doors, spellcaster
                  | Res: magic(10)
                  | XP: 221
                  | Sp: magic dart (3d4), throw flame (3d5), confuse, invisibility
                  | Sz: Medium
                  | Int: human.
 42562 | Vaults:3 | drasked: ??sigmund
 42562 | Vaults:3 | beem: sigmund[1/4]: A yellow @ with a shiny scythe, a magic wand, and a necklace of player skulls. A notoriously lethal early-game unique human wizard. Spells: throw flame, confuse, invisibility, magic dart.
 42998 | Vaults:4 | Reached skill level 19 in Fighting
 43056 | Vaults:4 | Gained Orbeogh as an ally
 43071 | Vaults:4 | Gained Bogdan as an ally
 43133 | Vaults:4 | Found Beal's Weapon Boutique.
 43371 | Vaults:4 | Noticed Frederick
 43373 | Vaults:4 | Found Cogiosucs's Food Shop.
 43379 | Vaults:4 | Gained Hilgar as an ally
 43380 | Vaults:4 | Killed Frederick
 43380 | Vaults:4 | Reached skill level 17 in Armour
 43383 | Vaults:4 | Your ally Hilgar died
 43396 | Vaults:4 | Reached skill level 17 in Shields
 44197 | Vaults:4 | Reached skill level 1 in Dodging
 44265 | Vaults:4 | Got a warped spear
 44266 | Vaults:4 | Identified the +3 spear "Impbane" {freeze, rPois Str+5 Dex+4} (You found it on level 4 of the Vaults)
 44337 | Vaults:4 | Found Locs's Antique Armour Emporium.
 44436 | Vaults:4 | Reached skill level 2 in Dodging
 44788 | Vaults:4 | Reached skill level 3 in Dodging
 44830 | Vaults:4 | drasked: ??Vault
 44830 | Vaults:4 | beem: vault[1/9]: A small pre-designed section of the dungeon. Most of the evil ones can be blamed on dpeg or Lemuel or minmay or evilmike or a demonic alliance of some subset of the four. The guards around branch entrances and special branch ends are examples. See also the {Vaults}. See {special room} for the rectangular rooms with orcs, bees, etc.
 44830 | Vaults:4 | drasked: @??vault
 44830 | Vaults:4 | beem: unknown monster: "vault"
 44830 | Vaults:4 | drasked: ??vault2
 44830 | Vaults:4 | beem: I don't have a page labeled vault2 in my learndb. Did you mean: vault, vaults.
 44830 | Vaults:4 | drasked: ??vault
 44830 | Vaults:4 | beem: vault[1/9]: A small pre-designed section of the dungeon. Most of the evil ones can be blamed on dpeg or Lemuel or minmay or evilmike or a demonic alliance of some subset of the four. The guards around branch entrances and special branch ends are examples. See also the {Vaults}. See {special room} for the rectangular rooms with orcs, bees, etc.
 44830 | Vaults:4 | drasked: ??vault
 44830 | Vaults:4 | beem: vault[1/9]: A small pre-designed section of the dungeon. Most of the evil ones can be blamed on dpeg or Lemuel or minmay or evilmike or a demonic alliance of some subset of the four. The guards around branch entrances and special branch ends are examples. See also the {Vaults}. See {special room} for the rectangular rooms with orcs, bees, etc.
 44830 | Vaults:4 | drasked: ??vault[2/9]
 44830 | Vaults:4 | beem: vault[2/9]: How to identify vault designers: oklobs=dpeg, fleshy orifices=Mu, elephants=due, things with too many tentacles=Lemuel, glass=everyone, excessive lua black magic=due
 44830 | Vaults:4 | drasked: ??vault[3/9]
 44830 | Vaults:4 | beem: vault[3/9]: [Mu_] the most crucial part of making a large map is ensuring that no section of it either looks like a swastika or a smiley face
 44830 | Vaults:4 | drasked: ??vault[4/9]
 44830 | Vaults:4 | beem: vault[4/9]: http://s-z.org/neil/git/?p=crawl.git;a=commitdiff;h=43ba2b
 44831 | Vaults:4 | drasked: ??vault[5/9]
 44831 | Vaults:4 | beem: vault[5/9]: now you know that if there's a lone orc on a xom altar at the end of a hallway don't go in
 44831 | Vaults:4 | drasked: ??vaults
 44831 | Vaults:4 | beem: vaults[1/2]: Accessed from the main dungeon somewhere between levels 13 and 14. Five levels deep. A large group of guards await on the bottom floor (see {vaults:5}), where you can find several item vaults and a silver rune. There are also ordinary {vault}s.
 44831 | Vaults:4 | drasked: ??vaults:5
 44831 | Vaults:4 | beem: vaults:5[1/4]: You start off surrounded by a ring of 24 {vault guard}s a couple of spaces away. Also scattered throughout the level are many of the game's tougher enemies; be prepared for all sorts of nasty dragons, giants and liches. Have fun!
 45191 | Swamp:1  | Entered Level 1 of the Swamp
 45208 | Swamp:1  | Noticed Frances
 45218 | Swamp:1  | Killed Frances
 45450 | Lair:3   | Reached skill level 4 in Dodging
 45771 | Swamp:1  | Paralysed by a hornet for 3 turns
 46072 | Swamp:1  | Reached skill level 5 in Dodging
 46323 | Swamp:2  | Gained Arbeogh as an ally
 46997 | Swamp:2  | Reached XP level 19. HP: 183/183 MP: 26/26
 47079 | Swamp:2  | Your ally Arbeogh died
 47283 | Swamp:2  | Noticed Roxanne
 47370 | Swamp:2  | Reached skill level 6 in Dodging
 47885 | Swamp:3  | drasked: ??swamp
 47885 | Swamp:3  | beem: swamp[1/3]: Accessed from the Lair somewhere between levels 2 and 5. Four levels deep. Expect watery terrain and hydras throughout. A decaying rune lies at the bottom, usually guarded by swamp dragons and hydras. As swamp drakes emit mephitic clouds, you may want to have poison resistance or enhanced mental clarity.
 48086 | Swamp:3  | Reached skill level 7 in Dodging
 49158 | Swamp:4  | Entered Level 4 of the Swamp
 49202 | Swamp:4  | Reached skill level 8 in Dodging
 50105 | Swamp:3  | Reached skill level 9 in Dodging
 50473 | Swamp:4  | HP: 19/183 [thorn hunter/volley of thorns (29)]
 51206 | Swamp:4  | Got a heavily runed chain mail
 51624 | Swamp:4  | Reached skill level 10 in Dodging
 51715 | Swamp:4  | HP: 45/183 [eight-headed hydra (10)]
 52114 | Lair:3   | Identified the +3 chain mail of Demons {Str+2 Int+8 Slay-2 Stlth+} (You found it on level 4 of the Swamp)
 52335 | Swamp:4  | Got a decaying rune of Zot
 53019 | Vaults:5 | Entered Level 5 of the Vaults
 53367 | Vaults:4 | Reached skill level 11 in Dodging
 53387 | Vaults:4 | Reached XP level 20. HP: 161/192 MP: 27/27
 53775 | Vaults:5 | Gained mutation: Scrolls take you a little longer to read. [a shining eye]
 54321 | Vaults:5 | HP: 46/192 [tengu reaver/freezing blast (36)]
 54327 | Vaults:5 | HP: 42/192 [tengu reaver/bolt of lightning (5)]
 54334 | Vaults:5 | HP: 43/192 [wolf spider (2)]
 54338 | Vaults:5 | Reached skill level 12 in Dodging
 54351 | Vaults:5 | Your ally Brandogh died
 54351 | Vaults:5 | HP: 20/192 [tengu reaver/bolt of lightning (30)]
 54355 | Vaults:5 | HP: 4/192 [deep elf high priest/divine providence (13)]
 54387 | Vaults:5 | Noticed a golden dragon
 54390 | Vaults:5 | Killed a golden dragon
 54739 | Vaults:5 | Found Rodoh's Magic Scroll Shoppe.
 54739 | Vaults:5 | Found Bireifua's Distillery.
 54892 | Vaults:5 | Reached skill level 13 in Dodging
 55067 | Vaults:5 | Found Oqoh's Magic Scroll Boutique.
 55094 | Vaults:5 | Found Iphoskem's Distillery.
 55094 | Vaults:5 | Found Foklaec's Food Boutique.
 55119 | Vaults:5 | Found Uqelim's Magic Scroll Shop.
 55154 | Vaults:5 | Found Sucro's Distillery.
 55183 | Vaults:5 | Found Ickeit's Food Shoppe.
 55229 | Vaults:5 | Bought a scroll of teleportation for 42 gold pieces
 55229 | Vaults:5 | Bought a scroll of enchant weapon for 105 gold pieces
 55229 | Vaults:5 | Bought a scroll of magic mapping for 49 gold pieces
 55229 | Vaults:5 | Bought a scroll of teleportation for 42 gold pieces
 55229 | Vaults:5 | Bought a scroll of enchant armour for 105 gold pieces
 55357 | Vaults:5 | Noticed a golden dragon
 55363 | Vaults:5 | Killed a golden dragon
 55476 | Vaults:5 | Noticed an ancient lich
 55481 | Vaults:5 | Killed an ancient lich
 55704 | Vaults:5 | Noticed a golden dragon
 55716 | Vaults:5 | Killed a golden dragon
 55723 | Vaults:5 | Your ally Rocco died
 55810 | Vaults:5 | Reached skill level 20 in Fighting
 55987 | Vaults:5 | Got a warped granite ring
 56537 | Vaults:5 | Identified the Handbook of Bewitchment and Combat Magic
 56604 | Vaults:5 | Got a polished leather armour
 56639 | Vaults:5 | Identified Othriuwesh's Disquisition on Enchantment
 56686 | Vaults:5 | Identified the ring "Icha" {rN+ Int+4 Slay+3 Stlth-} (You took it off a yaktaur captain on level 5 of the Vaults)
 56688 | Vaults:5 | Identified the cursed +0 leather armour of the Bulwark {rElec Dex+5 Slay-3 SInv} (You took it off a deep elf mage on level 5 of the Vaults)
 56729 | Vaults:5 | Got an ancient platinum ring
 56924 | Vaults:5 | Identified the Almanac of Flight
 57002 | Vaults:5 | Reached XP level 21. HP: 201/201 MP: 26/28
 57132 | Vaults:5 | Got a silver rune of Zot
 57332 | Vaults:5 | Identified the ring "Vielinn" {Fire rElec rPois} (You took it off a vault sentinel on level 5 of the Vaults)
 57387 | Vaults:5 | Bought a scroll of acquirement for 1144 gold pieces
 57403 | Vaults:5 | Got a faintly glowing shield
 57414 | Vaults:5 | Identified the +4 shield of the Moneychanger {rC- MP+9 Str+5 Int+2} (You acquired it on level 5 of the Vaults)
 57861 | Depths:1 | Entered Level 1 of the Depths
 57863 | Depths:1 | Noticed Bai Suzhen
 57869 | Depths:1 | Killed Bai Suzhen
 57869 | Depths:1 | Reached skill level 13 in Maces & Flails
 57883 | Depths:1 | Reached skill level 18 in Armour
 58041 | Depths:1 | Found a gateway to Hell.
 58148 | Depths:1 | Noticed the Enchantress
 58158 | Depths:1 | Killed the Enchantress
 58159 | Depths:1 | Your ally Brandogh died
 58171 | Depths:1 | Your ally Bogdan died
 58178 | Depths:1 | Reached skill level 18 in Shields
 58190 | Depths:1 | Got faerie dragon scales
 58610 | Depths:1 | Identified the +1 faerie dragon scales {MR+ rCorr Int+2 Dex+2} (You took it off the Enchantress on level 1 of the Depths)
 58718 | Depths:1 | Found a glowing golden altar of the Shining One.
 58815 | Depths:1 | Reached skill level 14 in Maces & Flails
 59025 | Depths:1 | Found Ciddyryz's Book Emporium.
 59044 | Depths:1 | Found Tocorajueti's Gadget Shop.
 59044 | Depths:1 | Found Xarghud's Jewellery Shoppe.
 59045 | Depths:1 | Found Duda Hekk's Jewellery Shoppe.
 59062 | Depths:1 | Bought the cursed ring "Quops" {rElec rPois rC+ Str-2 Dex-5} for 224 gold pieces
 60340 | Depths:2 | Reached skill level 15 in Maces & Flails
 60674 | Depths:2 | Found a portal to a secret trove of treasure.
 60829 | Depths:2 | Your ally Jorge died
 60852 | Depths:2 | Gained Brandogh as an ally
 60922 | Depths:2 | HP: 44/203 [ogre/giant spiked club (11)]
 60927 | Depths:2 | HP: 48/203 [yaktaur/bolt (11)]
 61070 | Depths:2 | Noticed a golden dragon
 61076 | Depths:2 | Killed a golden dragon
 61116 | Depths:2 | Noticed a caustic shrike
 61118 | Depths:2 | Killed a caustic shrike
 61118 | Depths:2 | Reached skill level 16 in Maces & Flails
 61516 | Depths:3 | Reached skill level 21 in Fighting
 61561 | Depths:3 | Reached XP level 22. HP: 165/213 MP: 29/29
 61741 | Depths:3 | Found a one-way gate leading to the halls of Pandemonium.
 61758 | Depths:3 | Identified The Foundations of Theurgy
 61761 | Depths:3 | Got a jewelled plate armour
 61770 | Depths:3 | Got a shimmering long sword
 61796 | Depths:3 | Identified the cursed +0 plate armour of Vyut {MR+} (You found it on level 3 of the Depths)
 61809 | Depths:3 | Identified the cursed +1 long sword of Linearity {venom, -Tele rF+ Dex+6} (You found it on level 3 of the Depths)
 62084 | Depths:3 | Paralysed by a floating eye for 2 turns
 62091 | Depths:3 | Paralysed by a floating eye for 2 turns
 62377 | Depths:3 | Found a one-way gate to the infinite horrors of the Abyss.
 62724 | Depths:3 | Noticed an ancient lich
 62729 | Depths:3 | Killed an ancient lich
 62729 | Depths:3 | Reached skill level 19 in Armour
 63269 | Depths:4 | Found Foskosor's Food Emporium.
 63269 | Depths:4 | Found Hoiqogat's Antique Weapon Shoppe.
 63274 | Depths:4 | Found Haejuwun's Food Emporium.
 63280 | Depths:4 | Bought a crude halberd for 423 gold pieces
 63284 | Depths:4 | Identified the +8 halberd of Lies {venom, Str+2} (You bought it in a shop on level 4 of the Depths)
 63412 | Depths:4 | Got a translucent chain mail
 63444 | Depths:4 | Identified the +4 chain mail "Usefrier" {rElec Regen+ Stlth+} (You found it on level 4 of the Depths)
 63912 | Depths:4 | Cast into level 3 of the Abyss (a wizard)
 63976 | Abyss:3  | Reached skill level 19 in Shields
 64166 | Abyss:3  | Found a corrupted altar of Lugonu.
 64221 | Abyss:3  | Gained mutation: Armour fits poorly on your strangely shaped body. [a neqoxec]
 64250 | Abyss:3  | Found a corrupted altar of Lugonu.
 64410 | Abyss:3  | HP: 40/213 [Hell Sentinel/damnation (34)]
 64435 | Abyss:3  | HP: 30/213 [starcursed mass/accursed screaming (8)]
 64448 | Abyss:3  | HP: 20/213 [starcursed mass/accursed screaming (6)]
 64449 | Abyss:3  | HP: 8/213 [starcursed mass/accursed screaming (12)]
 64449 | Abyss:3  | Paralysed by accursed screaming for 1 turns
 64450 | Abyss:3  | Killed from afar by a starcursed mass

Vault maps used:
D:1:      moated_graveyard_arrival
D:3:      lemuel_coloured_pillars_altar
D:4:      kennysheep_spiral_hall, temple_fountains, cheibrodos_sewer_entry_bend,
          nicolae_ru_great_annihilating_truth, uniq_crazy_yiuf_cottage
D:5:      zin_angel, nicolae_overflow_crystal_walls, first_bread, uniq_pikel,
          uniq_grinder
D:6:      serial_shops, shop_coins, uniq_blork_the_orc
D:7:      vehumet_statue, enter_bailey_3, basic_altar, grunt_ogre_cave,
          corexii_item_surrounded_by_moat
D:8:      chequers_temple_overflow_minitemple, okawaru_trees_2,
          nicolae_for_you_no_charge, uniq_grum
D:9:      minmay_klotski, kennysheep_mini, trog_ov_bears_minmay
D:10:     uniq_erica
D:11:     grunt_lair_entry_orc_guard_hut, serial_shops, shop
D:12:     david_orc_5, kennysheep_dice
D:13:     david_vaults_1
D:14:     infiniplex_staircase_spiral, minmay_guarded_unrand_wrath_of_trog
D:15:     hangedman_depths_entry_try_elsewhere_first, minmay_misc_feat_enclosed,
          uniq_josephine, uniq_louise
Lair:1:   beast_lair_carwin_2
Lair:2:   portal_ice_cave_entry_pillars_2, lightli_volcano_entry_magma_tube
Lair:3:   minmay_swamp_entry_reptiles, dummy_snake_entry, serial_bayou_shore_a,
          uniq_harold
Lair:4:   onia_ninara_swampy_vault, lab_entry_generic, grunt_megastairs_4
Lair:5:   minmay_slime_entry_pillars
Lair:6:   hangedman_lair_tendril_chambers, infiniplex_staircase_pool_2,
          lemuel_fruit_tree, serial_bayou_shore_b
Swamp:1:  nicolae_swamp_dense_foliage, swamp_pool1, uniq_frances
Swamp:2:  evilmike_swamp_ruin_rubble_1, swamp_pool3, uniq_roxanne
Swamp:3:  evilmike_swamp_ruin_house_3
Swamp:4:  swamp_basic_johnstein
Snake:1:  basic_altar, serial_shops, shop_coins
Snake:2:  basic_stair_grate_trap
Snake:4:  johnstein_snake_rune_scales, uniq_aizul
Orc:1:    serial_shops, shop, basic_altar, minmay_orc_temple_a
Vaults:1: ontoclasm_vaults_ring_square, v_alt_pattern_4, v_misc_24, v_pattern_3,
          v_rooms_4, v_misc_13, ontoclasm_vaults_fault,
          nicolae_vaults_network_barrier, nicolae_vaults_diagonal_hallway_8,
          vaults_dpeg_ring, st_lines, vaults_mumra_hex, hangedman_vaults_cutoff,
          vaults_room_semicircle
Vaults:2: vaults_room_boxed, minmay_crypt_entry_simple_round,
          nicolae_vaults_little_squares_5, v_pattern_5,
          hangedman_vaults_river_flow, grunt_vaults_hallway_short,
          nicolae_vaults_little_squares_2, ontoclasm_vaults_misaligned,
          ontoclasm_vaults_eye, vaults_room_semicircle, v_misc_1, v_misc_15,
          ontoclasm_vaults_chip, serial_shops, shop, shop
Vaults:3: hangedman_vaults_nodes, v_misc_10, v_misc_10, vaults_room_fours,
          hangedman_vaults_nails, hangedman_vaults_maws, grunt_vaults_bifocal,
          vaults_room_door_ring, uniq_boris, uniq_jory
Vaults:4: hangedman_vaults_nails, nicolae_vaults_windows_and_doors_thing,
          nicolae_vaults_asterisk, dpeg_vaults_monster_box,
          nicolae_vaults_ring_of_whatevers, nicolae_vaults_circle_grid_b,
          grunt_vaults_diagonal, vaults_room_door_ring, vaults_room_grid,
          nicolae_vaults_sealed_display, serial_shops,
          nicolae_shop_overgrown_old_shop, shop, uniq_frederick
Vaults:5: serial_shops
Depths:1: serial_shops, shop, tso_metal_star, pf_coc_iceberg, wad_dig_loot,
          minmay_shop_grove, uniq_bai_suzhen, uniq_enchantress
Depths:2: cross_vault, minmay_door_square, nicolae_trove_entry_path_of_doom,
          grunt_hell_entry_dis_old, infiniplex_staircase_star,
          basic_stair_grate_trap
Depths:3: lemuel_river_lethe, abyss_entry, pan_entry, hell_entry
Depths:4: minmay_tri_stars, lightli_too_deep, abyss_entry,
          infiniplex_staircase_pool_1, firewood_loft, minmay_shop_star
Abyss:3:  abyss_fake_exit
Lab:      labyrinth_spiral, nicolae_lab_arrow, labyrinth_skeletal_remains,
          nicolae_lab_grate, nicolae_lab_big_swirl
Sewer:    sewer_minmay_treatment
Volcano:  volcano_village

Skill      XL: |  1  2  3  4  5  6  7  8  9 10 11 12 13 14 15 16 17 18 19 20 21 22 |
---------------+-------------------------------------------------------------------+-----
Maces & Flails | 3 4 5 6 7 9 11 12 16 | 16.0
Fighting       | 4 6 8 10 12 13 14 16 17 18 19 20 21 | 21.7
Shields        | 4 7 9 10 11 13 14 16 17 18 19 | 19.2
Armour         | 4 7 9 10 11 12 13 15 16 17 18 19 | 19.5
Evocations     | 3 |  3.3
Invocations    | 1 6 9 |  9.5
Charms         | 2 6 |  6.7
Necromancy     | 2 7 |  7.5
Dodging        | 5 11 13 | 13.0

Action                   |  1- 3 |  4- 6 |  7- 9 | 10-12 | 13-15 | 16-18 | 19-21 | 22-24 || total
-------------------------+-------+-------+-------+-------+-------+-------+-------+-------++-------
Melee: Flail             |   118 |   227 |    61 |       |       |       |       |       ||   406
       Mace              |       |       |   139 |       |       |       |       |       ||   139
       Whip              |       |       |   305 |  1204 |  1427 |   383 |       |       ||  3319
       Morningstar       |       |       |       |       |       |   216 |  1172 |   205 ||  1593
       Demon whip        |       |       |       |       |       |       |       |   277 ||   277
 Cast: Regeneration      |       |       |       |       |     1 |       |     9 |       ||    10
Invok: Convert to Beogh  |       |       |     1 |       |       |       |       |       ||     1
       Recall Orcish Fol |       |       |       |       |    25 |    59 |   106 |    18 ||   208
       Give Item to Name |       |       |       |       |     3 |     3 |       |     2 ||     8
       Resurrection      |       |       |       |       |     2 |     1 |     3 |       ||     6
       Smiting           |       |       |       |       |     1 |    10 |       |       ||    11
       Stop Recall       |       |       |       |       |       |       |     3 |       ||     3
 Abil: Evoke Berserk Rag |       |     2 |       |       |       |       |       |       ||     2
       Evoke Blink       |       |       |       |     1 |     1 |       |       |       ||     2
Evoke: Wand              |       |       |       |     3 |       |     1 |       |       ||     4
  Use: Scroll            |     7 |     2 |     4 |    10 |    14 |     5 |    24 |    14 ||    80
       Potion            |     2 |       |     3 |     6 |     4 |     3 |    10 |       ||    28
 Stab: Paralysed         |       |       |     2 |       |       |       |       |       ||     2
       Distracted        |       |       |       |       |     9 |     3 |     6 |     2 ||    20
       Confused          |       |       |       |       |       |       |     2 |       ||     2
  Eat: Chunk             |     1 |    16 |     9 |    43 |    25 |    11 |     6 |     4 ||   115
       Royal jelly       |       |       |     2 |     1 |     4 |     2 |     2 |       ||    11
       Fruit             |       |       |     1 |     2 |     5 |       |     4 |     3 ||    15
       Bread ration      |       |       |       |       |     1 |       |       |       ||     1
       Meat ration       |       |       |       |       |     1 |     6 |     7 |       ||    14
Armor: Scale mail        |    47 |   104 |    98 |       |       |       |       |       ||   249
       Chain mail        |       |       |    40 |   283 |       |       |       |       ||   323
       Plate armour      |       |       |       |   119 |   565 |   285 |   755 |       ||  1724
       Skin              |       |       |       |    86 |       |       |       |       ||    86
       Acid dragon scale |       |       |       |       |       |       |    54 |       ||    54
       Gold dragon scale |       |       |       |       |       |       |    16 |   174 ||   190
Dodge: Dodged            |    31 |    74 |    80 |   186 |   174 |   100 |   577 |    73 ||  1295
Block: Shield            |    66 |   143 |   187 |   554 |   665 |       |       |       ||  1615
       Large shield      |       |       |       |       |   297 |   757 |  1869 |   449 ||  3372

Vault maps used:
D:1:      moated_graveyard_arrival
D:3:      lemuel_coloured_pillars_altar
D:4:      kennysheep_spiral_hall, temple_fountains, cheibrodos_sewer_entry_bend,
          nicolae_ru_great_annihilating_truth, uniq_crazy_yiuf_cottage
D:5:      zin_angel, nicolae_overflow_crystal_walls, first_bread, uniq_pikel,
          uniq_grinder
D:6:      serial_shops, shop_coins, uniq_blork_the_orc
D:7:      vehumet_statue, enter_bailey_3, basic_altar, grunt_ogre_cave,
          corexii_item_surrounded_by_moat
D:8:      chequers_temple_overflow_minitemple, okawaru_trees_2,
          nicolae_for_you_no_charge, uniq_grum
D:9:      minmay_klotski, kennysheep_mini, trog_ov_bears_minmay
D:10:     uniq_erica
D:11:     grunt_lair_entry_orc_guard_hut, serial_shops, shop
D:12:     david_orc_5, kennysheep_dice
D:13:     david_vaults_1
D:14:     infiniplex_staircase_spiral, minmay_guarded_unrand_wrath_of_trog
D:15:     hangedman_depths_entry_try_elsewhere_first, minmay_misc_feat_enclosed,
          uniq_josephine, uniq_louise
Lair:1:   beast_lair_carwin_2
Lair:2:   portal_ice_cave_entry_pillars_2, lightli_volcano_entry_magma_tube
Lair:3:   minmay_swamp_entry_reptiles, dummy_snake_entry, serial_bayou_shore_a,
          uniq_harold
Lair:4:   onia_ninara_swampy_vault, lab_entry_generic, grunt_megastairs_4
Lair:5:   minmay_slime_entry_pillars
Lair:6:   hangedman_lair_tendril_chambers, infiniplex_staircase_pool_2,
          lemuel_fruit_tree, serial_bayou_shore_b
Swamp:1:  nicolae_swamp_dense_foliage, swamp_pool1, uniq_frances
Swamp:2:  evilmike_swamp_ruin_rubble_1, swamp_pool3, uniq_roxanne
Swamp:3:  evilmike_swamp_ruin_house_3
Swamp:4:  swamp_basic_johnstein
Snake:1:  basic_altar, serial_shops, shop_coins
Snake:2:  basic_stair_grate_trap
Snake:4:  johnstein_snake_rune_scales, uniq_aizul
Orc:1:    serial_shops, shop, basic_altar, minmay_orc_temple_a
Vaults:1: ontoclasm_vaults_ring_square, v_alt_pattern_4, v_misc_24, v_pattern_3,
          v_rooms_4, v_misc_13, ontoclasm_vaults_fault,
          nicolae_vaults_network_barrier, nicolae_vaults_diagonal_hallway_8,
          vaults_dpeg_ring, st_lines, vaults_mumra_hex, hangedman_vaults_cutoff,
          vaults_room_semicircle
Vaults:2: vaults_room_boxed, minmay_crypt_entry_simple_round,
          nicolae_vaults_little_squares_5, v_pattern_5,
          hangedman_vaults_river_flow, grunt_vaults_hallway_short,
          nicolae_vaults_little_squares_2, ontoclasm_vaults_misaligned,
          ontoclasm_vaults_eye, vaults_room_semicircle, v_misc_1, v_misc_15,
          ontoclasm_vaults_chip, serial_shops, shop, shop
Vaults:3: hangedman_vaults_nodes, v_misc_10, v_misc_10, vaults_room_fours,
          hangedman_vaults_nails, hangedman_vaults_maws, grunt_vaults_bifocal,
          vaults_room_door_ring, uniq_boris, uniq_jory
Vaults:4: hangedman_vaults_nails, nicolae_vaults_windows_and_doors_thing,
          nicolae_vaults_asterisk, dpeg_vaults_monster_box,
          nicolae_vaults_ring_of_whatevers, nicolae_vaults_circle_grid_b,
          grunt_vaults_diagonal, vaults_room_door_ring, vaults_room_grid,
          nicolae_vaults_sealed_display, serial_shops,
          nicolae_shop_overgrown_old_shop, shop, uniq_frederick
Vaults:5: serial_shops
Depths:1: serial_shops, shop, tso_metal_star, pf_coc_iceberg, wad_dig_loot,
          minmay_shop_grove, uniq_bai_suzhen, uniq_enchantress
Depths:2: cross_vault, minmay_door_square, nicolae_trove_entry_path_of_doom,
          grunt_hell_entry_dis_old, infiniplex_staircase_star,
          basic_stair_grate_trap
Depths:3: lemuel_river_lethe, abyss_entry, pan_entry, hell_entry
Depths:4: minmay_tri_stars, lightli_too_deep, abyss_entry,
          infiniplex_staircase_pool_1, firewood_loft, minmay_shop_star
Abyss:3:  abyss_fake_exit
Lab:      labyrinth_spiral, nicolae_lab_arrow, labyrinth_skeletal_remains,
          nicolae_lab_grate, nicolae_lab_big_swirl
Sewer:    sewer_minmay_treatment
Volcano:  volcano_village

Table legend:
 A = Turns spent in this place as a percentage of turns spent in the entire game.
 B = Non-inter-level travel turns spent in this place as a percentage of non-inter-level travel turns spent in the entire game.
 C = Inter-level travel turns spent in this place as a percentage of turns spent in this place.
 D = Turns resting spent in this place as a percentage of non-inter-level travel turns spent in this place.
 E = Turns spent auto-exploring this place as a percentage of non-inter-level travel turns spent in this place.
 F = Non-inter-level travel turns spent in this place divided by the number of levels of this place that you've seen.
                   A       B       C       D       E      F
               +-------+-------+-------+-------+-------+----------------------
         Total | 100.0 | 100.0 |   0.4 |   2.1 |   4.2 | 604.8
       Dungeon |  24.2 |  24.2 |   0.5 |   1.6 |   6.6 | 419.5
          Lair |  14.3 |  14.3 |   0.5 |   2.0 |   3.7 | 620.8
         Swamp |  10.3 |  10.3 |   0.5 |   3.4 |   3.2 | 667.0
     Snake Pit |  11.7 |  11.7 |   0.4 |   1.5 |   3.3 | 758.2
  Orcish Mines |   0.2 |   0.2 |   0.0 |   0.0 |   0.0 |  55.0
        Vaults |  21.8 |  21.9 |   0.3 |   2.4 |   3.4 | 1136.6
        Depths |  11.8 |  11.8 |   0.2 |   1.8 |   3.9 | 766.2
         Abyss |   1.7 |   1.7 |   0.0 |   2.2 |   0.4 | 455.0
     Labyrinth |   1.3 |   1.3 |   0.0 |   0.0 |   0.0 | 332.0
         Sewer |   1.3 |   1.3 |   0.0 |   2.4 |   8.8 | 331.0
       Volcano |   1.4 |   1.4 |   0.0 |   5.4 |   2.7 | 368.0
               +-------+-------+-------+-------+-------+----------------------

Table legend:
 A = Kills in this place as a percentage of kills in entire the game.
 B = Kills by you in this place as a percentage of kills by you in the entire game.
 C = Kills by friends in this place as a percentage of kills by friends in the entire game.
 D = Other kills in this place as a percentage of other kills in the entire game.
 E = Experience gained in this place as a percentage of experience gained in the entire game.
 F = Experience gained in this place divided by the number of levels of this place that you have seen.
                   A       B       C       D       E      F
               +-------+-------+-------+-------+-------+----------------------
         Total | 100.0 | 100.0 | 100.0 | 100.0 | 100.0 | 15424.6
       Dungeon |  19.2 |  34.9 |   9.3 |   0.0 |   6.3 | 2785.8
          Lair |  12.3 |  16.9 |   9.5 |   0.0 |   8.2 | 9041.0
         Swamp |   9.8 |  19.9 |   3.4 |  33.3 |  11.6 | 19266.0
     Snake Pit |  10.1 |   0.9 |  15.9 |   0.0 |   8.8 | 14537.0
  Orcish Mines |   0.2 |   0.0 |   0.3 |   0.0 |   0.1 | 489.0
        Vaults |  26.7 |   4.6 |  40.7 |   0.0 |  39.1 | 51820.4
        Depths |  16.1 |   9.0 |  20.5 |  33.3 |  21.7 | 36006.8
         Abyss |   2.5 |   5.8 |   0.4 |   0.0 |   3.5 | 23539.0
     Labyrinth |   0.3 |   0.7 |   0.0 |   0.0 |   0.3 | 1942.0
         Sewer |   2.4 |   6.3 |   0.0 |   0.0 |   0.0 | 169.0
       Volcano |   0.5 |   1.1 |   0.0 |  33.3 |   0.4 | 2744.0
               +-------+-------+-------+-------+-------+----------------------
